 Dungeon Crawl Stone Soup version 0.26-a0-1025-g006ef2cfcc (webtiles) character file.

Game seed: 4152762309727429077

3346 Kraken2834 the Geomancer (level 10, -5/61 HPs)
             Began as a Gargoyle Earth Elementalist on Dec 9, 2020.
             Was a Priest of Vehumet.
             Slain by an orc warrior
             ... wielding a +0 flail
              (14 damage)
             ... on level 8 of the Dungeon.
             The game lasted 00:33:30 (9283 turns).

Kraken2834 the Geomancer (GrEE)                     Turns: 9283, Time: 00:33:33

Health: -5/61      AC: 15    Str: 13    XL:     10   Next: 2%
Magic:  13/22      EV: 12    Int: 18    God:    Vehumet [***...]
Gold:   498        SH:  0    Dex: 22    Spells: 12/26 levels left

rFire    . . .     SeeInvis .   w - +0 morningstar
rCold    . . .     Faith    .   (no shield)
rNeg     + . .     Spirit   .   c - +1 robe
rPois    ∞         Reflect  .   A - +0 helmet
rElec    +         Harm     .   (no cloak)
rCorr    .         Rampage  .   x - +0 pair of gloves
Will     .....                  j - +2 pair of boots
Stlth    ++........             C - amulet of regeneration
HPRegen  0.60/turn              l - +6 ring of dexterity
MPRegen  0.18/turn              k - +6 ring of dexterity

@: no status effects
A: negative energy resistance 1, electricity resistance, unbreathing,
petrification resistance, rot immunity, AC +7
a: Renounce Religion


You were on level 8 of the Dungeon.
You worshipped Vehumet.
Vehumet was most pleased with you.
You visited 1 branch of the dungeon, and saw 9 of its levels.

You collected 498 gold pieces.

Inventory:

Hand Weapons
 w - a +0 morningstar (weapon)
Missiles
 b - 127 stones (quivered)
Armour
 c - a +1 robe (worn)
 j - a +2 pair of boots (worn)
 x - a +0 pair of gloves (worn)
 A - a +0 helmet (worn)
Jewellery
 i - a +4 ring of slaying
 k - a +6 ring of dexterity (right hand)
 l - a +6 ring of dexterity (left hand)
 m - an uncursed ring of resist corrosion
 z - an uncursed amulet of guardian spirit
 C - an amulet of regeneration (around neck)
 F - a +6 ring of dexterity
Wands
 r - a wand of flame (15)
 H - a wand of disintegration (16)
Scrolls
 a - 7 scrolls of remove curse
 d - 11 scrolls of identify
 e - a scroll of enchant armour
 g - a scroll of fear {unknown}
 t - 3 scrolls of enchant weapon {unknown}
 y - a scroll of random uselessness {unknown}
 D - a scroll of fog {unknown}
 G - a scroll of holy word {unknown}
Potions
 f - 5 potions of curing {unknown}
 h - 4 potions of attraction {unknown}
 n - 4 potions of brilliance {unknown}
 o - 3 potions of flight {unknown}
 p - a potion of cancellation {unknown}
 q - a potion of mutation {unknown}
 s - 2 potions of resistance {unknown}
 u - 3 potions of might {unknown}
 v - a potion of berserk rage {unknown}
 E - a potion of ambrosia {unknown}


   Skills:
 * Level 6.5 Fighting
 - Level 1.1 Maces & Flails
 - Level 0.7 Throwing
 - Level 1.5 Dodging
 - Level 2.1 Stealth
 + Level 8.6 Spellcasting
 + Level 1.0 Transmutations
 + Level 10.3 Earth Magic


You had 12 spell levels left.
You knew the following spells:

 Your Spells              Type           Power        Failure   Level
a - Sandblast             Erth           #####.       1%          1
b - Petrify               Tmut/Erth      ####....     9%          4
c - Lee's Rapid Deconstr  Erth           #####.....   1%          5
d - Fulminant Prism       Conj/Hex       #.........   22%         4

Your spell library contained the following spells:

 Spells                   Type           Power        Failure   Level
 Passwall                 Tmut/Erth      ####....     1%          2
 Stone Arrow              Conj/Erth      ####..       1%          3


Dungeon Overview and Level Annotations

Branches:
Dungeon (9/15)             Temple (0/1) D:5
   Lair: D:8-11         Orc: D:9-12

Altars:
Elyvilon
Gozag
Kikubaaqudgha
Makhleb
Nemelex Xobeh
Okawaru
Qazlal
Trog
Vehumet
Wu Jian
Zin


Innate Abilities, Weirdness & Mutations

You are resistant to torment.
Your stone body is resilient. (AC +7)
You are immune to poison.
You resist negative energy. (rN+)
You are resistant to electric shocks. (rElec)
You can survive without breathing.
You are immune to petrification.
You are immune to rotting.


Message History

Casting: Sandblast (safe; 1% risk of failure)
Confirm with . or Enter, or press ? or * to list all spells.
Aiming: Sandblast (safe; 1% risk of failure)
Press: ? - help, Shift-Dir - straight line, f - orc priest
Aim: an orc priest, wielding a +0 hand axe and wearing a +0 ring mail (15% to evade)
The blast of sand hits the orc priest!!
You kill the orc priest!
Vehumet accepts your kill.
b - 128 stones The orc warrior hits you with a +0 flail!
* * * LOW HITPOINT WARNING * * *
Casting: Sandblast (safe; 1% risk of failure)
Confirm with . or Enter, or press ? or * to list all spells.
Aiming: Sandblast (safe; 1% risk of failure)
Press: ? - help, Shift-Dir - straight line, f - orc warrior
Aim: an orc warrior, wielding a +0 flail and wearing a cursed +0 plate armour (heavily wounded, 17% to evade)
The blast of sand misses the orc warrior.
b - 127 stones The orc warrior hits you with a +0 flail!
You die...

'.#...#######
###........#
###....###.#####
#8#....# #.....#
.......# #####.#
.......# #....###
#...#### #.##...#
###########.##.#o###
....hFoo....o.)h@.<#
#####o###.#....†####
#.# #.....#.# ..#
####..#.#
...........#.#
...[.######.#.#
$.....# #.#.#
....$..# ..#.# .....


You could see an orc warrior, a black bear and an orc priest.

Vanquished Creatures
  Sigmund (D:4)
  A wraith (D:8)
  2 orc warriors
  3 ogres
  2 eyes of draining (D:3)
  A phantom (D:6)
  2 sky beasts
  2 big kobolds (D:7)
  4 bullfrogs
  An elf zombie (D:8)
  An elf skeleton (D:8)
  A wight (D:8)
  A howler monkey (D:9)
  2 centaur zombies
  A hound (D:7)
  A quasit (D:5)
  2 bullfrog zombies
  3 jellies
  A bullfrog skeleton (D:7)
  6 orc priests
  2 centaur skeletons
  A gnoll shaman (D:7)
  A human skeleton (D:8)
  4 human zombies (D:8)
  Terence (D:3)
  9 orc wizards
  6 worker ants
  A hound zombie (D:7)
  2 hound skeletons
  3 mummies
  9 gnolls
  13 adders
  2 shadow imps
  A white imp (D:6)
  An ufetubus (D:6)
  An ooze (D:7)
  An adder skeleton (D:4)
  A worm (D:6)
  A dart slug (D:2)
  8 leopard geckos
  24 orcs
  3 giant cockroaches
  11 goblins
  7 hobgoblins
  5 jackals
  17 kobolds
  3 quokkas
  7 bats
  4 frilled lizards
  An orc zombie (D:8)
  6 rats
194 creatures vanquished.

Vanquished Creatures (others)
  4 fulminant prisms (D:8)
4 creatures vanquished.

Grand Total: 198 creatures vanquished

Notes
Turn   | Place    | Note
-------+----------+-------------------------------------------
     0 | D:1      | Kraken2834 the Gargoyle Earth Elementalist began the quest
                  | for the Orb.
     0 | D:1      | Reached XP level 1. HP: 10/10 MP: 3/3
    15 | D:1      | Noticed a merfolk zombie
    19 | D:1      | Noticed a minotaur zombie
   276 | D:1      | Reached XP level 2. HP: 16/16 MP: 3/5
   691 | D:1      | Reached skill level 4 in Earth Magic
   736 | D:1      | Reached skill level 1 in Fighting
  1157 | D:2      | Reached XP level 3. HP: 16/20 MP: 1/6
  1291 | D:2      | Found a white marble altar of Elyvilon.
  1699 | D:2      | Found an iron altar of Okawaru.
  1769 | D:2      | Reached XP level 4. HP: 24/26 MP: 5/7
  1803 | D:2      | Learned a level 4 spell: Petrify
  2350 | D:3      | Noticed an eye of draining
  2353 | D:3      | Noticed an eye of draining
  3099 | D:3      | Found a radiant altar of Vehumet.
  3107 | D:3      | Became a worshipper of Vehumet
  3122 | D:3      | Reached skill level 5 in Earth Magic
  3235 | D:3      | Reached XP level 5. HP: 30/30 MP: 5/9
  3260 | D:3      | Killed an eye of draining
  3371 | D:3      | Killed an eye of draining
  3372 | D:3      | Reached XP level 6. HP: 36/36 MP: 1/11
  3508 | D:3      | Found a bloodstained altar of Trog.
  3593 | D:3      | Noticed Terence
  3774 | D:3      | Reached skill level 6 in Earth Magic
  3885 | D:3      | Killed Terence
  4487 | D:4      | Noticed Sigmund
  4494 | D:4      | Killed Sigmund
  4495 | D:4      | Reached XP level 7. HP: 21/41 MP: 8/13
  4674 | D:4      | Learned a level 5 spell: Lee's Rapid Deconstruction
  4958 | D:4      | Found an opulent altar of Gozag.
  4959 | D:4      | Found a sparkling altar of Nemelex Xobeh.
  5020 | D:4      | Reached skill level 1 in Maces & Flails
  5112 | D:5      | Entered Level 5 of the Dungeon
  5116 | D:5      | Reached * piety under Vehumet
  5116 | D:5      | Offered knowledge of Magic Dart by Vehumet.
  5117 | D:5      | Reached skill level 7 in Earth Magic
  5219 | D:5      | Found an ornate altar of the Wu Jian Council.
  5273 | D:5      | Reached skill level 5 in Spellcasting
  5419 | D:5      | Reached XP level 8. HP: 11/48 MP: 2/15
  5731 | D:5      | Found a staircase to the Ecumenical Temple.
  6504 | D:6      | Reached skill level 8 in Earth Magic
  6642 | D:6      | Found a stormy altar of Qazlal.
  6871 | D:6      | Reached ** piety under Vehumet
  6875 | D:6      | Offered knowledge of Foxfire by Vehumet.
  6876 | D:6      | Reached skill level 5 in Fighting
  7477 | D:7      | Reached XP level 9. HP: 50/54 MP: 14/18
  7484 | D:7      | Reached skill level 9 in Earth Magic
  7803 | D:7      | Offered knowledge of Conjure Flame by Vehumet.
  8092 | D:7      | Reached *** piety under Vehumet
  8284 | D:7      | Found a burning altar of Makhleb.
  8293 | D:7      | Found a glowing silver altar of Zin.
  8293 | D:7      | Noticed an angel
  8293 | D:7      | Noticed a blizzard demon
  8925 | D:8      | Reached skill level 10 in Earth Magic
  8947 | D:8      | Found an ancient bone altar of Kikubaaqudgha.
  9020 | D:8      | Offered knowledge of Fulminant Prism by Vehumet.
  9026 | D:8      | Learned a level 4 spell: Fulminant Prism
  9177 | D:9      | Reached skill level 1 in Transmutations
  9282 | D:8      | Reached XP level 10. HP: 19/61 MP: 15/22
  9283 | D:8      | Slain by an orc warrior

Illustrated notes

Levels and vault maps discovered:
D:1:      shiori_arrival_whats_in_store_for_you, layout_loops_ring
D:2:      layout_basic, lemuel_crystal_altar, okawaru_altar_gauntlet_db
D:3:      layout_basic, trog_eyes_of_draining, vehumet_crystals,
          minmay_misc_feat_secret_circle, uniq_terence
D:4:      kennysheep_big_flooded_room, layout_rooms,
          grunt_temple_overflow_opulence, uniq_sigmund
D:5:      layout_gridville, lemuel_round_altar, minmay_temple_entry_junction_2
D:6:      layout_gridville, grunt_qazlal_sundering, gup_ossuary_entry_pyramid,
          serial_co_window_serial, co_window_paths_a,
          co_window_of_opportunity_a, co_window_of_opportunity_a,
          co_window_paths_a, co_window_corner_a, co_window_corner_a,
          co_window_paths_a, co_window_corner_a, co_window_paths_b,
          co_window_corner_cb, co_window_of_opportunity_b, co_window_corner_ca,
          co_window_unsneaky_path_b, co_window_4corner_b, glass_columns_a
D:7:      layout_loops_corners, grunt_temple_overflow_order_and_chaos_2
D:8:      layout_basic, grunt_temple_overflow_holy_war,
          lemuel_mausoleum_altar_kikubaaqudgha, kennysheep_little_box,
          david_lair_shrubbed, dk_noncrumbling_4, uniq_maurice
D:9:      layout_stronghold, minmay_holes, uniq_erica

Skill      XL: |  1  2  3  4  5  6  7  8  9 |
---------------+----------------------------+-----
Earth Magic    | 4 5 6 7 8 10 | 10.3
Fighting       | 1 2 3 4 5 6 |  6.5
Spellcasting   | 3 4 5 6 8 |  8.6
Maces & Flails | 1 |  1.1
Transmutations | 1 |  1.0
Throwing       | |  0.7
Dodging        | |  1.5
Stealth        | |  2.1

Action                   |  1- 3 |  4- 6 |  7- 9 | 10-12 || total
-------------------------+-------+-------+-------+-------++-------
Melee: Unarmed           |     7 |       |       |       ||     7
       Dagger            |    70 |    90 |       |       ||   160
       Morningstar       |       |     8 |    80 |       ||    88
Throw: Stone             |    10 |     2 |     1 |       ||    13
 Cast: Sandblast         |    26 |    67 |   214 |     2 ||   309
       Petrify           |       |     1 |     3 |       ||     4
       Lee's Rapid Decon |       |       |     7 |       ||     7
       Fulminant Prism   |       |       |     4 |       ||     4
  Use: Scroll            |       |     6 |     1 |       ||     7
 Stab: Sleeping          |       |     3 |     2 |       ||     5
Armor: Robe              |     7 |       |    60 |       ||    67
       Skin              |    13 |    11 |    14 |       ||    38
Dodge: Dodged            |    66 |    55 |   124 |       ||   245

Table legend: (Time is in decaauts)
 A = Elapsed time spent in this place.
 B = Non-inter-level travel time spent in this place.
 C = Inter-level travel time spent in this place.
 D = Time resting spent in this place.
 E = Time spent auto-exploring this place.
 F = Levels seen in this place.
 G = Mean time per level.
                   A        B        C        D        E       F      G
               +--------+--------+--------+--------+--------+-----+--------+
         Total |   9283 |   9080 |    203 |    926 |   6707 |   9 | 1031.4 |
       Dungeon |   9283 |   9080 |    203 |    926 |   6707 |   9 | 1031.4 |
               +--------+--------+--------+--------+--------+-----+--------+

Top non-repeatable levels by time:
     D:3: 1894 daAuts
     D:7: 1413 daAuts
     D:5: 1261 daAuts
     D:1: 1141 daAuts
     D:2: 1070 daAuts
     D:6: 1050 daAuts
     D:4: 956 daAuts
     D:8: 392 daAuts
     D:9: 102 daAuts
